 Dungeon Crawl Stone Soup version 0.29.1-13-g9f3cf754e1 (webtiles) character file.

Game seed: 5299811693175612284

4 sircluck the Protected (level 1, 0/17 HPs)
             Began as a Gnoll Wanderer on Jan 25, 2023.
             Frozen to death by an endoplasm (3 damage)
             ... on level 1 of the Dungeon.
             The game lasted 00:02:41 (138 turns).

sircluck the Protected (Gnoll Wanderer)              Turns: 138, Time: 00:02:42

Health: 0/17       AC: 11    Str: 10    XL:     1   Next: 60%
Magic:  1/1        EV:  6    Int:  8    God:
Gold:   10         SH:  0    Dex: 15    Spells: 0/0 levels left

rFire   . . .      SeeInvis .   a - +0 sling
rCold   . . .      Faith    .   (no shield)
rNeg    . . .      Spirit   .   b - +0 chain mail
rPois   .          Reflect  .   (no helmet)
rElec   .          Harm     .   (no cloak)
rCorr   .          Rampage  .   (no gloves)
Will    .....                   (no boots)
Stlth   ..........              (no amulet)
HPRegen 0.05/turn               (no ring)
MPRegen 0.07/turn               (no ring)

@: no status effects
A: fangs 1, strong nose, distributed training
a: no special abilities


You were on level 1 of the Dungeon.
You visited 1 branch of the dungeon, and saw 1 of its levels.

You collected 10 gold pieces.

Inventory:

Hand Weapons
 a - a +0 sling (weapon)
Armour
 b - a +0 chain mail (worn)
Scrolls
 d - 2 scrolls of identify {unknown}
Potions
 c - a potion of curing


   Skills:
 + Level 2.4 Fighting
 + Level 0.1 Short Blades
 + Level 0.1 Long Blades
 + Level 0.1 Axes
 + Level 0.1 Maces & Flails
 + Level 0.1 Polearms
 + Level 0.1 Staves
 + Level 4.4 Ranged Weapons
 + Level 2.4 Throwing
 + Level 8.4 Armour
 + Level 4.4 Dodging
 + Level 0.1 Stealth
 + Level 0.1 Shields
 + Level 0.1 Unarmed Combat
 + Level 0.1 Spellcasting
 + Level 0.1 Conjurations
 + Level 0.1 Hexes
 + Level 0.1 Summonings
 + Level 0.1 Necromancy
 + Level 0.1 Translocations
 + Level 0.1 Transmutations
 + Level 0.1 Fire Magic
 + Level 0.1 Ice Magic
 + Level 0.1 Air Magic
 + Level 0.1 Earth Magic
 + Level 0.1 Poison Magic
 + Level 0.2 Invocations
 + Level 0.1 Evocations


You couldn't memorise any spells.
You didn't know any spells.
Your spell library was empty.

Dungeon Overview and Level Annotations

Branches:
Dungeon (1/15)

Altars:


Innate Abilities, Weirdness & Mutations

You have very sharp teeth.
Your uncanny sense of smell can sniff out nearby items.
Your experience applies equally to all skills.


Message History

Press: ? - help, Q - select action Shift-Dir - straight line, f/p - bat
Aim: a bat (44% to hit)
You shoot a sling bullet.
The sling bullet closely misses the bat.
The bat hits you but does no damage. The bat completely misses you.
Fire: a) +0 sling
Press: ? - help, Q - select action Shift-Dir - straight line, f/p - bat
Aim: a bat (44% to hit)
You shoot a sling bullet.
The sling bullet closely misses the bat.
The bat barely misses you. The bat hits you but does no damage.
The bat hits you but does no damage. The bat closely misses you.
The bat hits you but does no damage. The bat hits you but does no damage.
The bat hits you but does no damage. x2
The bat hits you but does no damage. The bat hits you but does no damage.
The bat hits you but does no damage. The bat hits you but does no damage.
An endoplasm comes into view.
The endoplasm quivers.
The bat hits you.
Found 17 gold pieces.
The bat hits you but does no damage. The endoplasm completely misses you.
The bat hits you but does no damage.
The endoplasm hits you but does no damage.
Fire: a) +0 sling
Press: ? - help, Q - select action Shift-Dir - straight line, f/p - bat
Aim: a bat (44% to hit)
You shoot a sling bullet. The sling bullet barely misses the bat.
The bat hits you but does no damage. The bat hits you. The endoplasm hits you.
* * * LOW HITPOINT WARNING * * *
The bat hits you but does no damage.
You miss the bat. The bat hits you but does no damage. x2
The endoplasm barely misses you. The bat hits you.
* * * LOW HITPOINT WARNING * * *
The endoplasm freezes you.
You are frozen.
You die...

##.. . ..#.
..#####.#.
......#.#.
.....#.#.
#####...#.
..........
###############.#.
#@b.............#.
#J###############.
....∆ .. ###$## .#
#.# .. #.# ∆.. #.#
#.#


You could see an endoplasm and a bat.

Vanquished Creatures
  3 hobgoblins (D:1)
3 creatures vanquished.

Notes
Turn   | Place    | Note
-------+----------+-------------------------------------------
     0 | D:1      | sircluck the Gnoll Wanderer began the quest for the Orb.
     0 | D:1      | sircluck set off with the following items: a +0 sling, a +0
                  | chain mail, a potion of curing, a scroll of fear.
     0 | D:1      | Reached XP level 1. HP: 17/17 MP: 1/1
   138 | D:1      | Frozen to death by an endoplasm

Illustrated notes

Levels and vault maps discovered:
D:1:      spicycebolla_arrival_transporter_tutorial, layout_basic

Action                   || total
-------------------------++-------
Melee: Sling             ||    31
       Bite              ||     4
 Fire: Sling             ||     7
  Use: Scroll            ||     1
Armor: Chain mail        ||    85
Dodge: Dodged            ||    33
